 Dungeon Crawl Stone Soup version 0.29.1-15-g9cfb28693d (webtiles) character file.

Game seed: 9810803737880226631

18 protoss039 the Sneak (level 2, -1/20 HPs)
             Began as a Vampire Enchanter on Mar 26, 2023.
             Slain by a kobold
             ... wielding a +0 dagger of venom
              (2 damage)
             ... on level 2 of the Dungeon.
             The game lasted 00:01:23 (1201 turns).

protoss039 the Sneak (Vampire Enchanter)            Turns: 1201, Time: 00:01:23

Health: -1/20      AC:  2    Str:  7    XL:     2   Next: 51%
Magic:  1/5        EV: 12    Int: 17    God:
Gold:   45         SH:  0    Dex: 14    Spells: 3/5 levels left

rFire   . . .      SeeInvis +   a - +1 dagger
rCold   . . .      Faith    .   (no shield)
rNeg    . . .      Spirit   .   b - +0 robe
rPois   .          Reflect  .   (no helmet)
rElec   .          Harm     .   (no cloak)
rCorr   .          Rampage  .   (no gloves)
Will    .....                   (no boots)
Stlth   +++.......              (no amulet)
HPRegen 0.26/turn               (no ring)
MPRegen 0.09/turn               (no ring)

@: lethally poisoned (-1 -> -17), healing quickly
A: alive, fangs 3, see invisible, vampiric 1
a: Exsanguinate


You were on level 2 of the Dungeon.
You visited 1 branch of the dungeon, and saw 2 of its levels.

You collected 45 gold pieces.

Inventory:

Hand Weapons
 a - a +1 dagger (weapon)
Missiles
 j - 8 poisoned darts (quivered)
Armour
 b - a +0 robe (worn)
Scrolls
 d - a scroll of enchant armour {unknown}
 e - a scroll of vulnerability {unknown}
 f - a scroll of noise {unknown}
 g - a scroll of summoning {unknown}
Potions
 c - 2 potions of invisibility
 h - a potion of brilliance {unknown}
 i - a potion of haste {unknown}


   Skills:
 * Level 0.9 Fighting
 + Level 1.3 Short Blades
 + Level 2.3 Dodging
 * Level 4.9 Stealth
 + Level 2.1 Spellcasting
 + Level 4.5 Hexes
 + Level 0.0 Ice Magic


You had 3 spell levels left.
You knew the following spells:

 Your Spells              Type           Power      Damage    Failure   Level
a - Ensorcelled Hibernat  Hex/Ice        18%        N/A       12%         2

Your spell library contained the following spells:

 Spells                   Type           Power      Damage    Failure   Level
 Confusing Touch          Hex            17%        N/A       9%          3
 Tukima's Dance           Hex            17%        N/A       9%          3
 Dazzling Flash           Conj/Hex       18%        N/A       22%         3


Dungeon Overview and Level Annotations

Branches:
Dungeon (2/15) Zot: 10800

Altars:


Innate Abilities, Weirdness & Mutations

Your natural rate of healing is accelerated.
You have razor-sharp teeth.
You have supernaturally acute eyesight. (SInv)
You are afflicted with vampirism.


Message History

A kobold is nearby!
Search for what [Enter for "."]? dar
Found an escape hatch in the floor.
The kobold barely misses you.
Unknown command.
You hit the kobold.
The kobold is severely wounded.
The kobold hits you but does no damage.
You are poisoned.
Unknown command.
Casting: Ensorcelled Hibernation (safe; 12% risk of failure)
Confirm with . or Enter, or press ? or * to list all spells.
Aiming: Ensorcelled Hibernation (safe; 12% risk of failure)
Press: ? - help, Shift-Dir - straight line, f - kobold
Aim: a kobold, wielding a +0 dagger of venom (severely wounded, chance to affect: 61%)
The kobold resists with significant effort.
You feel very sick.
The kobold hits you with a +0 dagger of venom.
You are lethally poisoned!
Unknown command.
Unknown command.
Casting: Ensorcelled Hibernation (safe; 12% risk of failure)
Confirm with . or Enter, or press ? or * to list all spells.
Aiming: Ensorcelled Hibernation (safe; 12% risk of failure)
Press: ? - help, Shift-Dir - straight line, f/p - kobold
Aim: a kobold, wielding a +0 dagger of venom (severely wounded, chance to affect: 61%)
The kobold resists with significant effort.
You feel very sick.
The kobold hits you with a +0 dagger of venom.
Unknown command.
Keep bloodletting?
You feel very sick.
The kobold hits you with a +0 dagger of venom.
* * * LOW HITPOINT WARNING * * *
You are more poisoned.
You begin bloodletting.
You continue bloodletting.
* * * LOW HITPOINT WARNING * * *
You feel very sick.
The kobold hits you with a +0 dagger of venom.
You die...

## # ###.###
#.#....> #.#.#K#
#..@# ##.##
###############.##
...............#.#
#.#############.##
..# ### #.# #.#
#.#


You could see a kobold.

Vanquished Creatures
  3 ball pythons (D:1)
  A giant cockroach (D:1)
  3 goblins
  2 quokkas (D:1)
  5 bats (D:1)
  3 frilled lizards
  A rat (D:1)
18 creatures vanquished.

Notes
Turn   | Place    | Note
-------+----------+-------------------------------------------
     0 | D:1      | protoss039 the Vampire Enchanter began the quest for the
                  | Orb.
     0 | D:1      | Reached XP level 1. HP: 13/13 MP: 3/3
   370 | D:1      | Reached XP level 2. HP: 20/20 MP: 5/5
  1060 | D:1      | Learned a level 2 spell: Ensorcelled Hibernation
  1201 | D:2      | HP: 1/20 [poisoned by a kobold]
  1201 | D:2      | Slain by a kobold

Illustrated notes

Levels and vault maps discovered:
D:1:      tarquinn_simple_flora_water_c, layout_loops_cross,
          serial_co_window_serial, co_window_paths_b, co_window_paths_a,
          co_window_paths_a, co_window_paths_b, co_window_paths_b,
          co_window_paths_c, co_window_2corner, co_window_unsneaky_path_e,
          co_window_corner_cb, co_window_broadway_b, co_window_of_opportunity_b,
          co_window_broadway_a, co_window_paths_e, glass_columns_c
D:2:      layout_loops_ring, shapermc_ecumenical_altar_venn,
          minmay_pentomino_q4, uniq_jessica

Action                   || total
-------------------------++-------
Melee: Dagger            ||    47
       Bite              ||     7
       Punch             ||     1
 Cast: Ensorcelled Hiber ||     3
 Abil: Exsanguinate      ||     1
 Stab: Sleeping          ||     5
Armor: Robe              ||    14
Dodge: Dodged            ||    33
